 Dungeon Crawl Stone Soup version 0.19-a0-1238-gee6bd96 (webtiles) character file.

107 PurpleRed the Conjurer (level 4, -3/24 HPs)
             Began as a Deep Elf Conjurer on Aug 26, 2016.
             Was an Initiate of Vehumet.
             Slain by a worker ant (5 damage)
             ... on level 4 of the Dungeon.
             The game lasted 00:07:49 (915 turns).

PurpleRed the Conjurer (Deep Elf Conjurer)           Turns: 915, Time: 00:07:50

Health: -3/24      AC:  3    Str:  5    XL:     4   Next: 56%
Magic:  5/12       EV: 13    Int: 21    God:    Vehumet [......]
Gold:   51         SH:  0    Dex: 15    Spells: 3 memorised, 5 levels left

rFire  . . .     SeeInvis +     k - +1 war axe (flame)
rCold  + . .     Gourm    .     a - +0 robe
rNeg   . . .     Faith    .     (no shield)
rPois  .         Spirit   .     (no helmet)
rElec  .         Dismiss  .     (no cloak)
rCorr  .         Reflect  .     o - +0 pair of gloves
MR     .....     Harm     .     (no boots)
Stlth  ++........               (no amulet)
                                l - ring of see invisible
                                e - ring of protection from cold

@: lethally poisoned (-3 -> -15)
A: no striking features
a: Renounce Religion


You were on level 4 of the Dungeon.
You worshipped Vehumet.
Vehumet was noncommittal.
You were not hungry.

You visited 1 branch of the dungeon, and saw 5 of its levels.

You collected 51 gold pieces.

Inventory:

Hand Weapons
 g - a +0 whip
 j - a +0 club
 k - a +1 war axe of flaming (weapon)
Armour
 a - a +0 robe (worn)
 o - a +0 pair of gloves (worn)
Jewellery
 e - a ring of protection from cold (left hand)
 l - a ring of see invisible (right hand)
Scrolls
 d - a scroll of magic mapping {unknown}
 f - 3 scrolls of remove curse
 m - a scroll of enchant weapon {unknown}
 n - a scroll of recharging
 p - a scroll of random uselessness {unknown}
Potions
 i - a potion of resistance {unknown}
Books
 b - a book of Conjurations

   Spells                             Type                      Level
   a - Magic Dart                     Conjuration                  1
   b - Searing Ray                    Conjuration                  2
   c - Dazzling Spray                 Conjuration/Hexes            3
   d - Fulminant Prism                Conjuration/Hexes            4
   e - Iskenderun's Mystic Blast      Conjuration                  4
   f - Iskenderun's Battlesphere      Conjuration/Charms           5
Comestibles
 c - 6 bread rations
 h - a slice of pizza


   Skills:
 - Level 2.4 Dodging
 - Level 2.4 Stealth
 + Level 4.5 Spellcasting
 * Level 5.9 Conjurations


You had 5 spell levels left.
You knew the following spells:

 Your Spells              Type           Power        Failure   Level  Hunger
a - Magic Dart            Conj           ####         1%          1    None
b - Searing Ray           Conj           ####..       1%          2    #......
c - Iskenderun's Mystic   Conj           ####....     12%         4    ####...


Dungeon Overview and Level Annotations

Branches:
Dungeon (5/15)
 Temple: D:4-7

Altars:
Ashenzari
Qazlal
Ru
Vehumet


Message History

Aim: a worker ant (lightly wounded)
The orb of energy misses the worker ant.
You feel sick.
The worker ant bites you but does no damage.
Casting: Iskenderun's Mystic Blast
Confirm with . or Enter, or press ? or * to list all spells.
Aiming: Searing Ray
Press: ? - help, Shift-Dir - straight line, f/p - worker ant
Aim: a worker ant (lightly wounded)
The searing ray hits the worker ant.
The worker ant is heavily wounded.
The worker ant bites you.
* * * LOW HITPOINT WARNING * * *
You are more poisoned.
The worker ant poisons you!
The searing ray hits the worker ant.
The worker ant is severely wounded.
* * * LOW HITPOINT WARNING * * *
You feel sick. The worker ant bites you.
You die...

#####...._....
#............
#...###...###
#...#E#...#E#
+...###...###
#........#..
#........#+#
#......#
+....@.#
#.....a+
#......#
#......#
#......#
########


You could see a worker ant.

Vanquished Creatures
  A worker ant zombie (D:3)
  4 adders
  An ooze (D:2)
  A worm (D:3)
  2 orcs (D:3)
  2 giant cockroaches
  3 goblins
  6 hobgoblins
  9 jackals
  2 kobolds (D:3)
  4 quokkas
  5 bats
  5 giant newts
  A jackal skeleton (D:5)
  2 rats
48 creatures vanquished.

Notes
Turn   | Place    | Note
-------+----------+-------------------------------------------
     0 | D:1      | PurpleRed the Deep Elf Conjurer began the quest for the Orb.
     0 | D:1      | Reached XP level 1. HP: 10/10 MP: 6/6
   128 | D:2      | Reached XP level 2. HP: 8/15 MP: 0/8
   132 | D:2      | Learned a level 2 spell: Searing Ray
   165 | D:2      | Reached skill level 5 in Conjurations
   228 | D:3      | Reached XP level 3. HP: 9/19 MP: 3/10
   461 | D:3      | Reached XP level 4. HP: 17/24 MP: 4/12
   507 | D:2      | Found a radiant altar of Vehumet.
   556 | D:2      | Became a worshipper of Vehumet
   692 | D:2      | Found a sacrificial altar of Ru.
   699 | D:2      | Found a shattered altar of Ashenzari.
   749 | D:3      | Found a faded altar of an unknown god.
   789 | D:4      | Learned a level 4 spell: Iskenderun's Mystic Blast
   832 | D:4      | Noticed a water elemental
   834 | D:4      | Found a stormy altar of Qazlal.
   835 | D:4      | Noticed a fire elemental
   835 | D:4      | Noticed an air elemental
   835 | D:4      | Noticed an earth elemental
   837 | D:4      | Noticed a phantom
   858 | D:5      | Entered Level 5 of the Dungeon
   891 | D:5      | Noticed a centaur
   915 | D:4      | Slain by a worker ant

Vault maps used:
D:1:      scummos_arrival_simple_fountains, minmay_fountain_box,
          minmay_surrounded
D:2:      lemuel_round_altar, amethyst_overflow_temple_binary, first_bread,
          kennysheep_nondescript, minmay_randomly_rotated_circles
D:3:      ecumenical_altar_2
D:4:      kennysheep_flooded_box, nicolae_qazlal_style_of_elements
D:5:      elyvilon_altar_5

Skill      XL: |  1  2  3 |
---------------+----------+-----
Conjurations   | 5 |  5.9
Spellcasting   | 4 |  4.5
Dodging        | |  2.4
Stealth        | |  2.4

Action                   |  1- 3 |  4- 6 || total
-------------------------+-------+-------++-------
Melee: Whip              |    26 |       ||    26
       War axe           |     7 |    26 ||    33
 Cast: Magic Dart        |    32 |    17 ||    49
       Searing Ray       |     3 |     4 ||     7
       Iskenderun's Myst |       |     1 ||     1
  Use: Scroll            |     3 |       ||     3
 Stab: Sleeping          |       |     4 ||     4
       Distracted        |       |     1 ||     1
Armor: Robe              |    13 |     8 ||    21
Dodge: Dodged            |    45 |    22 ||    67
